 Dungeon Crawl Stone Soup version 0.27.0-66-gdc8fb28755 (webtiles) character file.

Game seed: 12832657804604288538

10859 robertstho the Cleaver (level 11, 0/151 HPs)
             Began as a Green Draconian Berserker on Aug 19, 2021.
             Was a Priest of Trog.
             Slain by a manticore (3 damage)
             ... on level 9 of the Dungeon.
             The game lasted 00:16:27 (11366 turns).

robertstho the Cleaver (Green Draconian Berserker) Turns: 11366, Time: 00:16:27

Health: 0/151      AC: 11    Str: 24    XL:     11   Next: 41%
Magic:  11/11      EV: 20    Int:  7    God:    Trog [***...]
Gold:   236        SH:  0    Dex: 12    Spells: 10/10 levels left

rFire    . . .     SeeInvis .   C - +3 battleaxe (drain)
rCold    . . .     Faith    .   (shield currently unavailable)
rNeg     . . .     Spirit   .   (armour unavailable)
rPois    +         Reflect  .   (helmet restricted)
rElec    .         Harm     .   (no cloak)
rCorr    .         Rampage  .   (no gloves)
Will     ++...                  (no boots)
Stlth    ..........             (no amulet)
HPRegen  1.35/turn              r - ring of the Castellan {AC+4 Dex+2}
MPRegen  0.12/turn              q - +4 ring of evasion

@: berserking, strong-willed, spiked, regenerating, hasted, slow
A: breathe noxious fumes, AC +7, unfitting armour, poison resistance,
cold-blooded
a: Breathe Noxious Fumes, Renounce Religion, Berserk, Trog's Hand


You were on level 9 of the Dungeon.
You worshipped Trog.
Trog was most pleased with you.
You visited 1 branch of the dungeon, and saw 9 of its levels.

You collected 573 gold pieces.
You spent 337 gold pieces at shops.

Inventory:

Hand Weapons
 h - a +0 falchion
 w - a +1 hand axe of venom
 A - a +2 scimitar of flaming
 C - a +3 battleaxe of draining (weapon)
 F - a +0 vorpal broad axe
Jewellery
 a - a ring of resist corrosion
 b - a +6 ring of intelligence
 f - a +6 ring of intelligence
 q - a +4 ring of evasion (right hand)
 r - the ring of the Castellan (left hand) {AC+4 Dex+2}
   (You acquired it on level 9 of the Dungeon)

   [ring of protection]

   AC:        It affects your AC (+4).
   Dex:       It affects your dexterity (+2).
 B - a +4 ring of evasion
 D - a ring of ice
 G - a +4 ring of protection
Wands
 k - a wand of flame (1)
 y - a wand of digging (7)
Scrolls
 c - a scroll of blinking {unknown}
 g - a scroll of teleportation
 j - 2 scrolls of holy word {unknown}
 l - 4 scrolls of enchant armour
 m - a scroll of enchant weapon
 o - 5 scrolls of amnesia
 v - a scroll of magic mapping
 x - a scroll of vulnerability
 z - a scroll of immolation
 E - a scroll of silence
 I - a scroll of identify
Potions
 d - a potion of heal wounds {unknown}
 e - a potion of attraction {unknown}
 i - a potion of magic {unknown}
 p - a potion of might {unknown}
 s - a potion of resistance {unknown}
 u - 4 potions of mutation


   Skills:
 * Level 10.4 Fighting
 + Level 0.7 Long Blades
 + Level 10.7 Axes
 * Level 10.4 Dodging
 + Level 4.1 Stealth
 + Level 1.3 Evocations


You had 10 spell levels left.
You didn't know any spells.
Your spell library was empty.

Dungeon Overview and Level Annotations

Branches:
Dungeon (9/15)
 Temple: D:4-7         Lair: D:8-11         Orc: D:9-12

Altars:
Makhleb
Ru
Trog
Uskayaw
Vehumet
Beogh

Shops:
D:9 *


Innate Abilities, Weirdness & Mutations

You can breathe blasts of noxious fumes.
Your lurid green scales are hard. (AC +7)
You cannot fit into any form of body armour.
Your system is resistant to poisons. (rPois)
You are cold-blooded and may be slowed by cold attacks.


Message History

The volley of spikes misses you.
Aiming: Throw Flame
Press: ? - help, Shift-Dir - straight line, f - manticore
Aim: a manticore (81% to hit)
The puff of flame hits the manticore!
The manticore is lightly wounded.
You recover from your berserk rage.
The manticore is engulfed in a cloud of scalding steam.
Aiming: Throw Flame
Press: ? - help, Shift-Dir - straight line, f/p - manticore
Aim: a manticore (moderately wounded, 81% to hit)
The puff of flame hits the manticore.
The manticore is moderately wounded.
The manticore flicks its tail.
The volley of spikes hits you but does no damage.
Aiming: Throw Flame
Press: ? - help, Shift-Dir - straight line, f/p - manticore
Aim: a manticore (moderately wounded, 81% to hit)
The puff of flame hits the manticore!
The manticore is heavily wounded.
Unknown command.
Aiming: Throw Flame
Press: ? - help, Shift-Dir - straight line, f/p - manticore
Aim: a manticore (heavily wounded, 81% to hit)
The puff of flame hits the manticore.
The manticore is heavily wounded.
The manticore flicks its tail.
The volley of spikes hits you!!
The barbed spikes become lodged in your body.
* * * LOW HITPOINT WARNING * * *
It was a potion of haste.
You feel yourself speed up.
A red film seems to cover your vision as you go berserk!
You feel yourself moving faster!
You feel mighty!
The manticore closely misses you. x2; The manticore claws you!
* * * LOW HITPOINT WARNING * * *
Unknown command.
Your unstable footing causes you to fumble your attack.
The manticore bites you but does no damage.
The manticore claws you.
You die...

##..≈...≈..##).. #....
##.≈...≈...≈.#... ..#.#.
#.≈#≈.≈#≈.≈#≈.... ..#....
##..≈...≈...≈..<.....##.#.
#.≈...≈...≈...≈..... #....
#≈#≈.≈#≈.≈#≈.≈#≈.....##.#.
#.≈...≈...≈...≈......#####
##..≈...≈...≈.............
#.≈#≈.≈#@H†#≈.#.......#..
##.≈...≈...≈.##. #.......
##..≈...≈..###. #....#).
#.≈#≈.≈#≈.# #. #.......
##.≈...≈.## #. #.......
##.#########. #....... #..
......##....##.
#############..>......
#....................#


You could see a manticore.

Vanquished Creatures
  A frost giant (D:9)
  A boulder beetle (D:9)
  Erica (D:8)
  A hydra (D:8)
  A centaur warrior (D:9)
  Pikel (D:6)
  A cyclops (D:9)
  A manticore (D:9)
  Joseph (D:7)
  4 centaur zombies
  Maggie (D:6)
  2 hornets (D:9)
  2 wyverns (D:9)
  A yak (D:9)
  2 steam dragons (D:9)
  Duvessa (D:4)
  An acid dragon (D:9)
  2 ice beasts
  2 black bears
  2 orc warriors (D:9)
  An ogre (D:7)
  3 centaurs
  4 lemures (D:6)
  2 phantoms
  Blork the orc (D:6)
  6 bullfrogs
  5 scorpions
  Dowan (D:4)
  3 killer bees (D:4)
  5 wights
  9 electric eels
  4 howler monkeys (D:9)
  A lava snake (D:8)
  A jelly (D:4)
  2 hounds
  A bullfrog skeleton (D:7)
  A centaur skeleton (D:7)
  2 gnoll shamans
  2 orc priests
  3 iron imps (D:9)
  An iguana (D:6)
  3 orc wizards
  A killer bee zombie (D:7)
  A hound zombie (D:5)
  19 gnolls
  8 adders
  3 shadow imps
  2 white imps
  An ufetubus (D:7)
  An adder skeleton (D:4)
  A worm (D:2)
  2 dart slugs
  23 orcs
  8 bats
  6 endoplasms
  2 giant cockroaches
  5 goblins
  4 hobgoblins
  6 jackals
  6 quokkas
  4 ball pythons
  A frilled lizard (D:2)
  8 kobolds
  3 rats (D:2)
205 creatures vanquished.

Vanquished Creatures (others)
  19 plants (D:7)
19 creatures vanquished.

Grand Total: 224 creatures vanquished

Notes
Turn   | Place    | Note
-------+----------+-------------------------------------------
     0 | D:1      | robertstho the Draconian Berserker began the quest for the
                  | Orb.
     0 | D:1      | Reached XP level 1. HP: 19/19 MP: 1/1
   148 | D:1      | Reached XP level 2. HP: 24/26 MP: 2/2
   541 | D:1      | Reached XP level 3. HP: 33/33 MP: 3/3
   833 | D:2      | Reached ** piety under Trog
   896 | D:2      | Reached XP level 4. HP: 21/40 MP: 4/4
  1214 | D:2      | Found a hide-covered altar of Uskayaw.
  1972 | D:3      | Found a faded altar of an unknown god.
  2317 | D:4      | Noticed a scorpion
  2328 | D:4      | Killed a scorpion
  2329 | D:4      | Reached XP level 5. HP: 29/46 MP: 5/5
  2626 | D:4      | Noticed Dowan
  2626 | D:4      | Noticed Duvessa
  2637 | D:4      | Killed Duvessa
  2638 | D:4      | Reached skill level 1 in Stealth
  2638 | D:4      | Reached XP level 6. HP: 53/53 MP: 6/6
  2654 | D:4      | Killed Dowan
  3010 | D:4      | Reached skill level 5 in Axes
  3010 | D:4      | Reached skill level 5 in Dodging
  3020 | D:4      | Your scales start taking on a lurid green colour.
  3020 | D:4      | Reached XP level 7. HP: 47/60 MP: 7/7
  3020 | D:4      | Gained mutation: Your system is resistant to poisons.
                  | (rPois) [Green Draconian growth]
  3025 | D:4      | Reached skill level 5 in Fighting
  3481 | D:4      | You fall into a shaft and drop 2 floors!
  3482 | D:6      | Noticed Maggie
  3495 | D:6      | Killed Maggie
  3615 | D:6      | Reached *** piety under Trog
  3619 | D:6      | Reached XP level 8. HP: 70/70 MP: 8/8
  3636 | D:5      | Entered Level 5 of the Dungeon
  3915 | D:5      | Found a radiant altar of Vehumet.
  3988 | D:5      | Identified the +0 leather armour of Darkness {Str+2 Dex+5}
  4736 | D:6      | Noticed Pikel
  4914 | D:6      | Noticed Blork the orc
  4924 | D:6      | Killed Blork the orc
  5160 | D:6      | Killed Pikel
  5161 | D:6      | Reached XP level 9. HP: 38/79 MP: 9/9
  5780 | D:7      | Noticed Joseph
  5794 | D:7      | Killed Joseph
  6146 | D:7      | Found a sacrificial altar of Ru.
  6211 | D:7      | Reached **** piety under Trog
  7442 | D:8      | Noticed Erica
  7464 | D:8      | Killed Erica
  7465 | D:8      | Reached XP level 10. HP: 31/90 MP: 10/10
  7739 | D:8      | Noticed a death knight
  8313 | D:8      | Noticed a six-headed hydra
  8320 | D:8      | Killed a three-headed hydra
  8805 | D:9      | Found Eronou's Specific Store.
  8807 | D:9      | Found Jycw's General Store.
  8811 | D:9      | Bought a +0 falchion for 36 gold pieces
  8811 | D:9      | Bought a scroll of vulnerability for 90 gold pieces
  8811 | D:9      | Bought a scroll of enchant armour for 90 gold pieces
  8811 | D:9      | Bought a scroll of identify for 24 gold pieces
  8811 | D:9      | Identified a scroll of acquirement
  8813 | D:9      | Acquired the ring of the Castellan {AC+4 Dex+2}
  8819 | D:9      | Bought a scroll of silence for 97 gold pieces
  8998 | D:9      | Noticed a centaur warrior
  9001 | D:9      | Noticed a manticore
  9001 | D:9      | Noticed a cyclops
  9002 | D:9      | Noticed a manticore
  9165 | D:9      | Killed a centaur warrior
  9384 | D:9      | Found a bloodstained altar of Trog.
  9423 | D:9      | Found a burning altar of Makhleb.
  9544 | D:9      | Noticed a boulder beetle
  9824 | D:9      | Identified the +1 hunting sling of Riapaz {freeze, rF+}
  9832 | D:9      | Killed a cyclops
  9833 | D:9      | Reached skill level 10 in Axes
  9833 | D:9      | Reached skill level 10 in Dodging
  9833 | D:9      | Reached XP level 11. HP: 83/99 MP: 11/11
  9923 | D:9      | Reached skill level 10 in Fighting
  9931 | D:9      | Reached skill level 1 in Evocations
 10386 | D:9      | Noticed a frost giant
 10389 | D:9      | HP: 4/99 [frost giant/bolt of cold (27)]
 10770 | D:9      | Killed a frost giant
 11358 | D:9      | Killed a boulder beetle
 11363 | D:9      | HP: 4/101 [manticore/volley of spikes (21)]
 11366 | D:9      | Slain by a manticore

Illustrated notes

Levels and vault maps discovered:
D:1:      ncdulo_watergridlock, layout_basic, minmay_tall_x
D:2:      layout_loops_cross, basic_altar
D:3:      layout_basic, shapermc_ecumenical_altar_starsandcircs
D:4:      layout_loops_ring, minmay_temple_entry_nine_rooms,
          minmay_starry_boxes, uniq_duvessa
D:5:      layout_cave_pools, mainiacjoe_overflow_brackets, grunt_decor_fettered,
          kennysheep_generic_room_7
D:6:      layout_cave_pools, uniq_maggie, uniq_pikel, uniq_blork_the_orc
D:7:      layout_cave_pools, mainiacjoe_overflow_boulevard, serial_bayou,
          serial_bayou_crossing, serial_bayou_lagoon_a, serial_bayou_pond_a,
          serial_bayou_lake_a, uniq_joseph
D:8:      layout_gridville, kennysheep_island_fort, uniq_erica
D:9:      minmay_the_grid_3x2 [minmay_the_grid_minigrid_medium,
          minmay_the_grid_fan, minmay_the_grid_minigrid_small_alt,
          minmay_the_grid_square_x, minmay_the_grid_eight,
          minmay_the_grid_prize_big_room], layout_rooms, trog_book,
          demons_altar, special_room [special_room_orc], nicolae_specific_store,
          kennysheep_decorative_pillar, grunt_ministairs_14, minivault_14,
          minivault_5, nicolae_lava_and_water, kennysheep_doodads

Skill      XL: |  1  2  3  4  5  6  7  8  9 10 11 |
---------------+----------------------------------+-----
Dodging        | 3 4 5 6 7 9 10 | 10.4
Fighting       | 4 5 7 8 9 10 | 10.4
Axes           | 4 5 7 8 10 | 10.7
Stealth        | 1 2 3 4 |  4.1
Evocations     | 1 |  1.3
Long Blades    | |  0.7

Action                   |  1- 3 |  4- 6 |  7- 9 | 10-12 || total
-------------------------+-------+-------+-------+-------++-------
Melee: Hand axe          |    91 |   157 |   264 |    38 ||   550
       Tailslap          |     8 |    18 |    39 |    28 ||    93
       Battleaxe         |       |       |       |   145 ||   145
       Scimitar          |       |       |       |     3 ||     3
Invok: Berserk           |     1 |     4 |     8 |    11 ||    24
       Trog's Hand       |     1 |       |     2 |     4 ||     7
       Brothers in Arms  |       |       |       |     2 ||     2
 Abil: Breathe Noxious F |       |       |       |     3 ||     3
Evoke: Wand              |       |       |     3 |    21 ||    24
  Use: Potion            |     1 |       |     1 |     6 ||     8
       Scroll            |       |     2 |     1 |    13 ||    16
 Stab: Sleeping          |       |     2 |     2 |       ||     4
       Confused          |       |       |       |     2 ||     2
Armor: Skin              |    30 |    49 |    85 |    56 ||   220
Dodge: Dodged            |    60 |   113 |   196 |   199 ||   568
       Rpst.: Scimitar   |       |       |       |     3 ||     3
